 Dungeon Crawl Stone Soup version 0.30.1-4-g462c640d31 (webtiles) character file.

Game seed: 17871676496103873603

1802527 wingedge the Slayer (level 27, 225/225 (236) HPs)
             Began as a Human Hunter on Aug 28, 2023.
             Was an Initiate of Gozag.
             Escaped with the Orb
             ... and 3 runes!
             The game lasted 04:02:18 (58440 turns).

wingedge the Slayer (Human Hunter)                 Turns: 58440, Time: 04:02:19

HP:   225/225 (236) AC: 50    Str: 18 (27) XL:     27
MP:   32/32         EV: 11    Int: 10 (12) God:    Gozag
Gold: 1858          SH: 21    Dex: 21 (22) Spells: 36/38 levels left

rFire   + + .        a - +9 broad axe (heavy)
rCold   . . .        i - +5 kite shield {rF+}
rNeg    + . .        x - +8 orange crystal plate armour {Archmagi, Int+3 Clar}
rPois   +            V - +2 helmet {SInv}
rElec   +            T - +0 cloak "Teweul" {rPois rN+ Will++ Int-5}
rCorr   +            J - +3 pair of gauntlets of War {Slay+5}
SInv    +            t - +2 pair of boots {rampage}
Will    ++++.        Z - amulet of regeneration Stlth
                     v - ring "Upryexewk" {Fly rElec rCorr Str+4 Int+3}
HPRegen 1.37/turn    q - ring "Lemydut" {rElec Str+6 Slay+2 Stlth+}
MPRegen 0.23/turn

%: clarity, rampage, archmagi
@: flying, studying 4 skills, lightly drained
A: deterioration 1, fire resistance 1, poison resistance, weak 1, MP-powered
wands
0: Orb of Zot
}: 3/15 runes: decaying, serpentine, silver
a: Renounce Religion, Potion Petition, Call Merchant, Bribe Branch


You escaped.
You worshipped Gozag.
Gozag was most pleased with you.
You visited 10 branches of the dungeon, and saw 48 of its levels.
You visited the Abyss 1 time.
You also visited: Trove and Ossuary.

You collected 26361 gold pieces.
You spent 5995 gold pieces at shops.
You paid 18508 gold pieces to Gozag.

Inventory:

Hand Weapons
 a - a +9 heavy broad axe (weapon)
 b - a +8 vampiric broad axe
 c - the +7 sceptre of Torment {pain, torment}
   (You took it off a deep elf sorcerer on level 3 of the Elven Halls)
 z - a +2 broad axe of venom
Missiles
 w - 3 throwing nets
Armour
 i - a +5 kite shield of fire resistance (worn)
 t - a +2 pair of boots of rampaging (worn)
 x - the +8 orange crystal plate armour (worn) {Archmagi, Int+3 Clar}
   (You found it on level 1 of the Vaults)

   Int:       It affects your intelligence (+3).
   Clar:      It protects you from confusion, rage, mesmerisation and fear.
 J - the +3 pair of gauntlets of War (worn) {Slay+5}
   (You bought it in a shop on level 2 of the Orcish Mines)

   Slay:      It affects your accuracy & damage with ranged weapons and melee
   (+5).
 S - the +5 ring mail of Pessimism {rElec rF++ rC- Slay+2}
   (You found it on level 2 of the Snake Pit)

   Slay:      It affects your accuracy & damage with ranged weapons and melee
   (+2).
   rF:        It greatly protects you from fire.
   rC:        It makes you vulnerable to cold.
   rElec:     It insulates you from electricity.
 T - the +0 cloak "Teweul" (worn) {rPois rN+ Will++ Int-5}
   (You acquired it on level 1 of the Depths)

   Int:       It affects your intelligence (-5).
   rPois:     It protects you from poison.
   rN:        It protects you from negative energy.
   Will:      It greatly increases your willpower.
 V - a +2 helmet of see invisible (worn)
Jewellery
 d - the ring of Yvod {rF+ rN+++ Str-3 Int+4}
   (You found it on level 11 of the Dungeon)

   [ring of protection from fire]

   Str:       It affects your strength (-3).
   Int:       It affects your intelligence (+4).
   rF:        It protects you from fire.
   rN:        It renders you almost immune to negative energy.
 e - the ring "Woid" {rElec rF+ Str-2 Int+6 Dex+5}
   (You found it on level 1 of the Orcish Mines)

   [ring of intelligence]

   Str:       It affects your strength (-2).
   Int:       It affects your intelligence (+6).
   Dex:       It affects your dexterity (+5).
   rF:        It protects you from fire.
   rElec:     It insulates you from electricity.
 f - an amulet of reflection
 g - the ring "Satociqu" {rF- Will+ Str+3 Slay+6 SInv}
   (You found it on level 3 of the Snake Pit)

   [ring of see invisible]

   Str:       It affects your strength (+3).
   Slay:      It affects your accuracy & damage with ranged weapons and melee
   (+6).
   rF:        It makes you vulnerable to fire.
   SInv:      It lets you see invisible.
   Will:      It increases your willpower.
 o - the ring "Meidghusch" {*Slow rPois rC+++ Str-5 Slay+6}
   (You bought it in a shop on level 4 of the Dungeon)

   [ring of poison resistance]

   Str:       It affects your strength (-5).
   Slay:      It affects your accuracy & damage with ranged weapons and melee
   (+6).
   rC:        It renders you almost immune to cold.
   rPois:     It protects you from poison.
   *Slow:     It may slow you when you take damage.
 q - the ring "Lemydut" (right hand) {rElec Str+6 Slay+2 Stlth+}
   (You found it on level 5 of the Vaults)

   [ring of strength]

   Str:       It affects your strength (+6).
   Slay:      It affects your accuracy & damage with ranged weapons and melee
   (+2).
   rElec:     It insulates you from electricity.
   Stlth:     It makes you more stealthy.
 v - the ring "Upryexewk" (left hand) {Fly rElec rCorr Str+4 Int+3}
   (You bought it in a shop on level 1 of the Depths)

   [ring of resist corrosion]

   Str:       It affects your strength (+4).
   Int:       It affects your intelligence (+3).
   rElec:     It insulates you from electricity.
   Fly:       It grants you flight.
   rCorr:     It protects you from acid and corrosion.
 Z - an amulet of regeneration (around neck)
Wands
 L - a wand of digging (11)
 N - a wand of acid (23)
 O - a wand of paralysis (29)
 R - a wand of roots (58)
Scrolls
 k - 9 scrolls of poison
 p - 13 scrolls of immolation
 y - 5 scrolls of fear
 A - 4 scrolls of fog
 D - 17 scrolls of teleportation
 F - 12 scrolls of magic mapping
 M - 4 scrolls of silence
 P - 11 scrolls of vulnerability
 W - 8 scrolls of enchant armour
Potions
 h - 9 potions of mutation
 j - 6 potions of brilliance
 m - 6 potions of curing
 n - 7 potions of might
 u - 6 potions of attraction
 B - 2 potions of invisibility
 E - 4 potions of resistance
 H - 4 potions of cancellation
 K - 4 potions of ambrosia
 U - 9 potions of haste
 X - 2 potions of berserk rage
 Y - 9 potions of flight
Miscellaneous
 s - a box of beasts
 C - a lightning rod (4/4)
 I - a condenser vane (inert) (quivered)
 Q - a phantom mirror


   Skills:
 + Level 23.5 Fighting
 - Level 10.0 Short Blades
 - Level 18.0 Axes
 - Level 6.4 Ranged Weapons
 - Level 5.0 Throwing
 - Level 21.0 Armour
 - Level 16.0 Dodging
 - Level 1.0 Stealth
 - Level 18.0 Shields
 - Level 6.0 Spellcasting
 - Level 11.0 Transmutations
 - Level 16.0 Evocations


You had 36 spell levels left.
You knew the following spells:

 Your Spells              Type           Power      Damage    Failure   Level
a - Wereblood             Tmut           37%        N/A       16%         2

Your spell library contained the following spells:

 Spells                   Type           Power      Damage    Failure   Level
 Beastly Appendage        Tmut           74%        N/A       11%         1
 Passwall                 Tmut/Erth      17%        N/A       83%         2
 Spider Form              Tmut/Pois      21%        N/A       96%         3
 Blade Hands              Tmut           18%        N/A       96%         5
 Foxfire                  Conj/Fire      16%        2x1d4     100%        1
 Magic Dart               Conj           16%        1d3       100%        1
 Sandblast                Erth           8%         2d5       100%        1
 Shock                    Conj/Air       16%        1d4       100%        1
 Slow                     Hex            16%        N/A       100%        1
 Blink                    Tloc           8%         N/A       100%        2
 Cigotuvi's Dreadful Rot  Necr/Pois/Air  8%         N/A       100%        2
 Lesser Beckoning         Tloc           8%         N/A       100%        2
 Momentum Strike          Conj/Tloc      8%         3d8       100%        2
 Poisonous Vapours        Pois/Air       8%         N/A       100%        2
 Scorch                   Fire           8%         2d5       100%        2
 Searing Ray              Conj           8%         2d4       100%        2
 Static Discharge         Conj/Air       8%         2-3/arc   100%        2
 Sublimation of Blood     Necr           4%         N/A       100%        2
 Dazzling Flash           Conj/Hex       8%         N/A       100%        3
 Hailstorm                Conj/Ice       4%         3d4       100%        3
 Ignite Poison            Fire/Tmut/Pois 15%        N/A       100%        3
 Inner Flame              Hex/Fire       4%         N/A       100%        3
 Mephitic Cloud           Conj/Pois/Air  4%         N/A       100%        3
 Ozocubu's Armour         Ice            4%         N/A       100%        3
 Portal Projectile        Hex/Tloc       8%         N/A       100%        3
 Stone Arrow              Conj/Erth      8%         3d7       100%        3
 Summon Guardian Golem    Hex/Summ       4%         N/A       100%        3
 Swiftness                Air            4%         N/A       100%        3
 Tukima's Dance           Hex            4%         N/A       100%        3
 Volatile Blastmotes      Fire/Tloc      8%         2d10      100%        3
 Airstrike                Air            2%         2d(1-17)  100%        4
 Anguish                  Hex/Necr       2%         N/A       100%        4
 Animate Armour           Summ/Erth      8%         N/A       100%        4
 Cause Fear               Hex            2%         N/A       100%        4
 Flame Wave               Conj/Fire      4%         2d5       100%        4
 Fulminant Prism          Conj/Hex       2%         3d5       100%        4
 Ice Form                 Ice/Tmut       21%        N/A       100%        4
 Iskenderun's Mystic Bla  Conj/Tloc      4%         2d3       100%        4
 Leda's Liquefaction      Hex/Erth       2%         N/A       100%        4
 Manifold Assault         Tloc           4%         N/A       100%        4
 Olgreb's Toxic Radiance  Pois           4%         N/A       100%        4
 Passage of Golubria      Tloc           4%         N/A       100%        4
 Sticky Flame             Conj/Fire      4%         2d3       100%        4
 Summon Lightning Spire   Summ/Air       4%         N/A       100%        4
 Agony                    Necr           4%         N/A       100%        5
 Alistair's Intoxication  Tmut/Pois      14%        N/A       100%        5
 Borgnjor's Vile Clutch   Necr/Erth      2%         N/A       100%        5
 Fireball                 Conj/Fire      2%         3d4       100%        5
 Freezing Cloud           Conj/Ice/Air   2%         6-21      100%        5
 Irradiate                Conj/Tmut      10%        3d15      100%        5
 Iskenderun's Battlesphe  Conj           4%         2d6       100%        5
 Lee's Rapid Deconstruct  Erth           2%         3d4*      100%        5
 Metabolic Englaciation   Hex/Ice        2%         N/A       100%        5
 Silence                  Hex/Air        2%         N/A       100%        5
 Summon Forest            Summ/Tloc      2%         N/A       100%        5
 Summon Mana Viper        Hex/Summ       4%         N/A       100%        5
 Yara's Violent Unravell  Hex/Tmut       10%        3d6       100%        5
 Conjure Ball Lightning   Conj/Air       2%         3x3d6     100%        6
 Dispersal                Tloc           2%         N/A       100%        6
 Eringya's Noxious Bog    Tmut/Pois      10%        N/A       100%        6
 Iron Shot                Conj/Erth      2%         9d2       100%        6
 Plasma Beam              Fire/Air       2%         2x1d13    100%        6
 Starburst                Conj/Fire      2%         6d3       100%        6
 Statue Form              Tmut/Erth      14%        N/A       100%        6
 Summon Cactus Giant      Summ           2%         N/A       100%        6
 Dragon Form              Tmut           18%        N/A       100%        7
 Enfeeble                 Hex            2%         N/A       100%        7
 Haunt                    Necr/Summ      2%         N/A       100%        7
 Ozocubu's Refrigeration  Ice            2%         4d7       100%        7
 Spellforged Servitor     Conj/Summ      2%         N/A       100%        7
 Summon Hydra             Summ           2%         N/A       100%        7
 Borgnjor's Revivificati  Necr           2%         N/A       100%        8
 Discord                  Hex            2%         N/A       100%        8
 Disjunction              Tloc           2%         N/A       100%        8
 Ignition                 Fire           2%         3d3       100%        8
 Lehudib's Crystal Spear  Conj/Erth      2%         10d2      100%        8
 Necromutation            Tmut/Necr      10%        N/A       100%        8
 Chain Lightning          Conj/Air       2%         3d2       100%        9
 Death's Door             Necr           2%         N/A       100%        9
 Dragon's Call            Summ           2%         N/A       100%        9
 Fire Storm               Conj/Fire      2%         8d1       100%        9
 Polar Vortex             Ice            2%         N/A       100%        9
 Shatter                  Erth           2%         3d6*      100%        9
 Simulacrum               Ice/Necr       Unusable   N/A       N/A         6

Dungeon Overview and Level Annotations

Branches:
Dungeon (15/15)            Temple (1/1) D:7            Lair (5/5) D:9
  Swamp (4/4) Lair:3        Snake (4/4) Lair:3        Slime (0/5) Lair:5
    Orc (2/2) D:11            Elf (3/3) Orc:2        Vaults (5/5) D:14
  Crypt (0/3) Vaults:2     Depths (4/4) D:15            Zot (5/5) Depths:4
Ossuary (visited)

Altars:
Ashenzari
Cheibriados
Dithmenos
Elyvilon
Fedhas
Gozag
Hepliaklqana
Kikubaaqudgha
Makhleb
Nemelex Xobeh
Okawaru
Qazlal
Ru
Sif Muna
Trog
Uskayaw
Vehumet
Wu Jian
Xom
Yredelemnul
Zin
The Shining One
Jiyva
Lugonu

Shops:
D:4 !=   D:6 ?   D:7 [   D:15 *(   Orc:1 =   Orc:2 ![[(   Elf:1 ?   Elf:3 (
Snake:2 *   Snake:4 [(*   Vaults:3 =   Vaults:4 (   Depths:1 [::=

Portals:
Hell: Depths:1 Depths:2 Depths:3 Depths:4
Abyss: Depths:3 Depths:4
Pandemonium: Depths:2 Depths:4
Ziggurat: Depths:1

Annotations:
Temple 2 transporters


Innate Abilities, Weirdness & Mutations

Your body sometimes deteriorates upon taking damage.
Your flesh is heat resistant. (rF+)
Your system is resistant to poisons. (rPois)
You are weak. (Str -2)
You expend magic power (3 MP) to strengthen your wands.


Message History

You kill the Tzitzimitl!
You block the red devil's attack.
The red devil hits you but does no damage.
You see here 12 gold pieces.
You chop the red devil into pieces!!!
You kill the red devil!
You feel better.
You feel better.
You feel better.
You feel better.
You feel better.
There is a stone staircase leading up here.
You feel better.
You feel better.
You feel better.
You feel better.
You feel better.
You feel better.
You feel better.
You feel better.
You feel better.
You fly upwards.
There is a stone staircase leading down here.
You reach down and open the door.
There is an open door here.
There is a stone staircase leading up here.
You fly upwards.
You feel a little less mighty now.
There is a stone staircase leading down here.
You start to feel less resistant.
Magic restored.
There is a large open door here.
Your resistance to elements expires.
HP restored.
There is a large open door here.
There is an open door here.
There is a fountain of clear blue water here.
There is an open door here.
There is a staircase leading out of the dungeon here.
You have escaped!

...#.....###########..........[.#
.........# #.....#.........####
#..##..#.# ##.8.8.#.........#
.#.##..#.# ##...8..#.........#
.......#.###...8.8.#.........####
...##..#.##........#..#.........#
...#...#.#.⌠.⌠.###.#..#.........#
.......#.#.....#.+.#.>..........#
####.....'..8..#@#.#............#
...'.....#.....#.'.#.......####.#
####.....#.⌠.⌠.###.#.......# #..
###.....##........#.......######
#.......###...8.8.#............#
#.......# ##...8..#....###.###..
#.......# ##.8.8.#...##.....##.
#.......# #....[##..#..#.#..#.
#.......# #########...#.#.#)..


There were no monsters in sight!

Vanquished Creatures
  3 pandemonium lords
  A dread lich (Zot:5)
  An ancient lich (Vaults:5)
  4 orbs of fire (Zot:5)
  A juggernaut (Depths:3)
  Sojobo (Vaults:5)
  Josephina (Depths:3)
  2 Killer Klowns (Zot:5)
  Vv (Depths:3)
  Frederick (Depths:3)
  Bai Suzhen (Vaults:5)
  Vashnia (Snake:2)
  Saint Roka (Orc:2)
  A caustic shrike (Depths:3)
  7 golden dragons
  Nikola (Depths:1)
  A bone dragon (Depths:4)
  2 Tzitzimimeh
  A walking earthen tome (Depths:4)
  3 doom hounds (Depths:4)
  2 electric golems (Zot:5)
  Jorgrun (D:15)
  6 tentacled monstrosities
  3 liches
  A Hell Sentinel (Abyss:2)
  16 Orb Guardians
  Grunn (Depths:4)
  2 deep elf blademasters (Elf:3)
  3 quicksilver dragons
  6 titans
  A walking divine tome (Depths:4)
  3 deep elf master archers
  An Executioner (Depths:4)
  5 death cobs
  6 sphinxes
  Kirke (Snake:2)
  The ghost of Dittersdorf the Severer, an adept MiBe of Trog (Snake:3)
  The ghost of Adoajy the Bludgeoner, an adept DsWr of Ru (Vaults:1)
  8 shadow dragons
  10 tengu reavers
  9 storm dragons
  Donald (Snake:1)
  5 nagarajas
  The ghost of Kicir the Blocker, an adept GnFi of Okawaru (Snake:1)
  A fenstrider witch (Swamp:2)
  Roxanne (D:15)
  4 draconian knights
  The ghost of jsudlow the Brawler, a journeyman TrBe of Trog (Swamp:1)
  9 fire giants
  7 deep elf sorcerers
  4 draconian scorchers
  8 frost giants
  An iron dragon (Depths:4)
  3 ghost moths
  20 vault wardens
  3 balrugs
  The ghost of Anwafrug the Cleaver, a journeyman MiBe of Trog (Orc:1)
  2 orc warlords
  A draconian stormcaller (Zot:3)
  4 draconian shifters
  4 deep elf elementalists (Elf:3)
  2 spriggan defenders (Depths:2)
  4 war gargoyles
  13 ironbound preservers
  Aizul (Vaults:1)
  36 very ugly things
  2 draconian annihilators
  A reaper (Depths:1)
  10 deep elf demonologists
  12 stone giants
  4 ironbound thunderhulks
  4 black draconians
  6 green draconians
  5 deep elf annihilators
  Azrael (D:14)
  4 purple draconians
  8 eleionomae
  A lorocyproca (Abyss:2)
  7 red draconians
  8 yellow draconians
  7 white draconians
  4 spark wasps
  The ghost of Perinia the Brawler, a journeyman DrBe of Trog (Elf:1)
  3 dire elephants (Vaults:4)
  2 minotaurs (Vaults:1)
  The ghost of Kubamp the Thaumaturge, a journeyman DEAE of Sif Muna (Lair:3)
  4 bunyips
  4 deep elf death magi
  13 ettins
  2 merfolk impalers (Vaults:1)
  A blizzard demon (Zot:5)
  The ghost of babooboo the Summoner, a journeyman KoSu of Hepliaklqana (Lair:5)
  2 jiangshi (Depths:2)
  7 fire dragons
  2 entropy weavers
  A crystal guardian (Vaults:1)
  3 deep elf high priests
  13 yaktaur captains
  5 great orbs of eyes
  3 green deaths
  33 vault guards
  2 rakshasas
  2 salamander tyrants
  6 spriggan air magi
  3 ice dragons
  2 ghost crabs
  3 peacekeepers
  A boulder beetle (shapeshifter) (Depths:2)
  Erica (D:11)
  2 boulder beetles
  A merfolk avatar (Lair:5)
  13 ironbound frosthearts
  14 hydras
  10 centaur warriors
  24 dancing weapons
  17 anacondas
  7 two-headed ogres
  2 hell hogs (Depths:3)
  11 alligators
  20 naga warriors
  8 tengu warriors
  A vampire mage (Depths:2)
  3 deep troll shamans
  6 deep troll earth magi
  13 hell knights
  An orc high priest (Orc:2)
  9 shock serpents
  A thrashing horror (Abyss:2)
  22 naga sharpshooters
  9 spriggans
  14 deep elf knights
  13 spriggan berserkers
  8 salamander mystics
  A soul eater (Depths:1)
  3 iron trolls
  4 glowing orange brains
  A shadow wraith (Depths:1)
  2 death drakes
  A sixfirhy (Depths:1)
  17 skeletal warriors
  A flayed ghost (Depths:3)
  3 spriggan druids
  2 sea snakes (Lair:5)
  3 skysharks
  7 goliath frogs
  11 deep elf archers
  An orange crystal statue (Snake:2)
  30 deep trolls
  15 wizards
  2 bog bodies
  A deep troll (shapeshifter) (Depths:2)
  An obsidian statue (Zot:5)
  11 naga ritualists
  12 swamp dragons (Swamp:4)
  A shadow dragon zombie (Vaults:3)
  15 lindwurms
  3 harpies (Vaults:1)
  16 mana vipers
  9 necromancers
  Pikel (D:6)
  3 phantasmal warriors
  15 ironbound convokers
  24 deep elf zephyrmancers
  36 ugly things
  28 deep elf pyromancers
  9 orc knights
  3 orc sorcerers
  A mana viper (shapeshifter) (Vaults:5)
  2 wolf spiders
  23 salamanders
  8 cyclopes
  3 manticores
  A faun (shapeshifter) (Depths:2)
  A stone giant zombie (Vaults:3)
  10 moths of wrath
  A cyclops (shapeshifter) (Vaults:5)
  Joseph (D:8)
  4 will-o-the-wisps
  29 elephants
  44 black mambas
  17 naga magi
  2 demonic crawlers
  A stone giant skeleton (Vaults:2)
  A spectral shock serpent (Snake:3)
  A rust devil (Zot:5)
  14 vault sentinels
  13 cane toads
  A black mamba (shapeshifter) (Elf:2)
  2 smoke demons
  3 guardian serpents
  2 gargoyles
  A torpor snail (Lair:5)
  An unseen horror (Depths:1)
  A cane toad (shapeshifter) (Elf:2)
  An elf skeleton (Vaults:2)
  An unseen horror (shapeshifter) (Depths:2)
  A rime drake (Lair:5)
  An efreet (D:13)
  2 kobold demonologists
  A spark wasp simulacrum (Depths:3)
  2 freezing wraiths (D:14)
  9 komodo dragons
  50 yaktaurs
  5 tengu conjurers
  2 yaktaur skeletons (Vaults:2)
  3 tormentors
  A human skeleton (Vaults:2)
  An ancient zyme (Abyss:2)
  A queen bee (D:15)
  A red devil (D:3)
  A hellwing (D:8)
  A meliai (D:15)
  11 tyrant leeches
  A merfolk (shapeshifter) (Elf:1)
  A tengu simulacrum (Vaults:3)
  6 trolls
  5 polar bears
  12 hornets
  18 blink frogs
  2 spectral guardian serpents (Snake:3)
  A tarantella (shapeshifter) (D:15)
  A fire giant simulacrum (Depths:3)
  2 sphinx simulacra (Depths:3)
  2 large abominations
  2 jumping spiders (shapeshifter)
  A slime creature (shapeshifter) (Depths:2)
  A shock serpent simulacrum (Snake:3)
  19 slime creatures
  An ettin skeleton (Vaults:2)
  2 centaur simulacra
  5 water elementals
  7 wyverns
  A shadow (D:11)
  A wraith (D:12)
  A yak (shapeshifter) (D:14)
  2 fire bats (Depths:1)
  A ynoxinul (Abyss:2)
  A chaos spawn (Depths:1)
  A spectral naga (Snake:3)
  A vampire (D:13)
  5 fire elementals
  3 basilisks
  44 yaks
  2 steam dragons (D:8)
  4 hogs (Snake:2)
  18 vampire mosquitoes
  A redback (shapeshifter) (Vaults:3)
  3 redbacks (Vaults:4)
  A warg (Orc:2)
  A glowing shapeshifter zombie (Vaults:3)
  A swamp worm (shapeshifter) (Depths:2)
  50 nagas
  2 acid dragons
  A mana viper simulacrum (Snake:3)
  12 swamp worms
  10 swamp drakes
  An ogre skeleton (Vaults:3)
  4 hell hounds (D:14)
  12 water moccasins
  2 floating eyes (Depths:4)
  2 glowing shapeshifter skeletons (Vaults:2)
  30 orc warriors
  A sky beast (D:7)
  5 black bears
  A black mamba simulacrum (Snake:3)
  8 ogres
  4 wolves (Lair:1)
  2 ice beasts
  4 boggarts
  10 centaurs
  2 phantoms
  2 kobold brigands
  3 scorpions
  A human simulacrum (Depths:3)
  14 bullfrogs
  A gnoll sergeant (D:12)
  An earth elemental (Elf:1)
  4 wights
  A small abomination (Depths:1)
  17 killer bees
  3 naga simulacra (Snake:3)
  7 howler monkeys
  6 centaur zombies (Ossuary)
  2 jellies
  28 orc priests
  5 hounds
  A sleepcap (D:6)
  3 iguanas
  A hell rat (Depths:1)
  31 orc wizards
  6 mummies (Ossuary)
  6 gnolls
  6 adders
  An ufetubus (Abyss:2)
  A worm (D:4)
  A dart slug (D:1)
  122 orcs
  2 ball pythons (D:1)
  8 endoplasms
  5 giant cockroaches
  2 hobgoblins
  2 jackals (D:1)
  8 kobolds
  6 quokkas
  3 bats
  3 frilled lizards
  5 goblins
  3 hobgoblin zombies (Ossuary)
  A jackal skeleton (D:4)
  2 rats
  A fire vortex (Depths:3)
  A spectral weapon (Zot:5)
1938 creatures vanquished.

Vanquished Creatures (collateral kills)
  A Killer Klown (Zot:5)
  the Lernaean hydra (Swamp:4)
  A golden dragon (Zot:3)
  Jory (Vaults:2)
  The ghost of riellis1 the Peltast, an adept FoHu of Zin (D:15)
  4 Orb Guardians (Zot:5)
  2 tentacled monstrosities (Zot:5)
  Asterion (Snake:1)
  2 death cobs
  A storm dragon (Zot:5)
  2 draconian monks (Zot:5)
  3 draconian scorchers
  A war gargoyle (Vaults:5)
  4 very ugly things (Vaults:5)
  2 black draconians (Zot:5)
  A green draconian (Zot:5)
  A white draconian (Zot:5)
  A red draconian (Zot:5)
  A purple draconian (Zot:5)
  A yaktaur captain (Vaults:5)
  4 dancing weapons (Elf:2)
  A deep elf zephyrmancer (Elf:2)
  2 deep elf pyromancers (Elf:2)
  4 moths of wrath
  A vault sentinel (Vaults:5)
44 creatures vanquished.

Vanquished Creatures (others)
  An orb of fire (Zot:5)
  2 Orb Guardians (Zot:5)
  3 tentacled monstrosities (Zot:5)
  3 death cobs
  A storm dragon (Zot:5)
  2 draconian knights
  A draconian scorcher (Zot:5)
  2 draconian shifters
  A draconian stormcaller (Zot:5)
  2 black draconians (Zot:5)
  2 yellow draconians
  A red draconian (Zot:1)
  An ettin (Vaults:5)
  3 deep elf knights (Elf:2)
  A wizard (Depths:2)
  2 deep elf pyromancers (Elf:1)
  2 deep elf zephyrmancers (Elf:1)
  A will-o-the-wisp (Swamp:3)
  A bloated husk (Swamp:1)
  A hornet (Swamp:4)
  A raiju (Abyss:2)
  2 air elementals (Elf:1)
  A spriggan (Swamp:4)
  A swamp worm (Swamp:4)
  An orc (D:8)
  34 foxfires
73 creatures vanquished.

Grand Total: 2055 creatures vanquished

Notes
Turn   | Place    | Note
-------+----------+-------------------------------------------
     0 | D:1      | wingedge the Human Hunter began the quest for the Orb.
     0 | D:1      | Reached XP level 1. HP: 16/16 MP: 1/1
    66 | D:1      | Found a faded altar of an unknown god.
   138 | D:1      | Reached XP level 2. HP: 22/22 MP: 2/2
   269 | D:1      | Reached XP level 3. HP: 27/27 MP: 3/3
   308 | D:1      | Reached skill level 5 in Ranged Weapons
  1075 | D:2      | Reached XP level 4. HP: 33/33 MP: 4/4
  1294 | D:2      | Identified the +11 short sword of the Valley {heavy, rN+
                  | Str+2}
  1562 | D:3      | Reached skill level 1 in Short Blades
  1562 | D:3      | Reached XP level 5. HP: 39/39 MP: 5/5
  1933 | D:4      | Found Jumuf's Jewellery Shop.
  2143 | D:4      | Reached skill level 3 in Fighting
  2157 | D:4      | Identified the +2 chain mail of Anaesthesia {rElec}
  2264 | D:4      | Found Plog's Distillery.
  2278 | D:4      | Reached XP level 6. HP: 47/47 MP: 6/6
  2283 | D:4      | Reached skill level 1 in Armour
  2509 | D:4      | Found a shimmering blue altar of Sif Muna.
  2515 | D:4      | Found a runed translucent door.
  2515 | D:4      | Noticed a human
  2536 | D:4      | Found a basalt altar of Yredelemnul.
  2845 | D:4      | Bought a potion of degeneration for 10 gold pieces
  2845 | D:4      | Bought a potion of curing for 30 gold pieces
  2906 | D:5      | Entered Level 5 of the Dungeon
  2906 | D:5      | Found a sand-covered staircase.
  2921 | Ossuary  | Entered an ossuary
  2932 | Ossuary  | Reached XP level 7. HP: 48/52 MP: 7/7
  2971 | Ossuary  | Reached skill level 5 in Short Blades
  3364 | D:5      | Reached XP level 8. HP: 30/58 MP: 8/8
  3645 | D:5      | Found a shimmering altar of Xom.
  3960 | D:6      | Noticed Pikel
  3974 | D:6      | Killed Pikel
  3975 | D:6      | Reached skill level 4 in Fighting
  3975 | D:6      | Reached XP level 9. HP: 28/65 MP: 9/9
  4132 | D:6      | Found Dizain's Magic Scroll Shop.
  4151 | D:6      | Bought a scroll of identify for 22 gold pieces
  4151 | D:6      | Bought a scroll of teleportation for 33 gold pieces
  4151 | D:6      | Bought a scroll of blinking for 82 gold pieces
  4151 | D:6      | Bought a scroll of magic mapping for 82 gold pieces
  4151 | D:6      | Bought a scroll of blinking for 82 gold pieces
  4236 | D:6      | Reached skill level 5 in Armour
  4786 | D:7      | Noticed a hornet
  4797 | D:7      | Killed a hornet
  4798 | D:7      | Reached skill level 5 in Fighting
  5011 | D:7      | Found Ygonaotu's Antique Armour Shop.
  5288 | D:7      | Found a staircase to the Ecumenical Temple.
  5309 | Temple   | Entered the Ecumenical Temple
  5309 | Temple   | Found a transporter.
  5309 | Temple   | Found a transporter.
  5311 | Temple   | Found a transporter.
  5311 | Temple   | Found a transporter.
  5422 | D:7      | Reached XP level 10. HP: 71/74 MP: 10/10
  5424 | D:7      | Noticed Maggie
  5428 | D:7      | Maggie changed into Maggie the wyvern
  5428 | D:7      | Noticed Maggie
  5434 | D:7      | Killed Maggie the wyvern
  5616 | Temple   | Became a worshipper of Gozag Ym Sagoz the Greedy
  5869 | D:7      | Found a shadowy altar of Dithmenos.
  5870 | D:7      | Found a hazy altar of Hepliaklqana.
  6036 | D:8      | Noticed Joseph
  6048 | D:8      | Killed Joseph
  6049 | D:8      | Reached skill level 6 in Fighting
  6382 | D:8      | Found a snail-covered altar of Cheibriados.
  6712 | D:8      | Noticed a manticore
  6728 | D:8      | Killed a manticore
  6729 | D:8      | Reached skill level 1 in Evocations
  6933 | D:8      | Reached skill level 7 in Fighting
  6933 | D:8      | Reached skill level 10 in Short Blades
  7238 | D:7      | Bought a pair of glowing boots for 225 gold pieces
  7299 | D:9      | Reached XP level 11. HP: 73/84 MP: 11/11
  7395 | D:9      | Reached skill level 8 in Fighting
  7465 | D:9      | Found a staircase to the Lair.
  7475 | D:9      | Reached skill level 9 in Fighting
  7762 | D:9      | Noticed a two-headed ogre
  7768 | D:9      | Killed a two-headed ogre
  7860 | D:9      | Paralysed by a hornet for 3 turns
  8159 | D:9      | Found an ancient bone altar of Kikubaaqudgha.
  8285 | D:10     | Entered Level 10 of the Dungeon
  8318 | D:10     | Reached skill level 10 in Fighting
  9025 | D:10     | Noticed a lindwurm
  9025 | D:10     | Noticed a lindwurm
  9027 | D:10     | Noticed a lindwurm
  9029 | D:10     | Noticed a lindwurm
  9120 | D:10     | Killed a lindwurm
  9137 | D:10     | Killed a lindwurm
  9138 | D:10     | Reached skill level 5 in Evocations
  9152 | D:10     | Killed a lindwurm
  9153 | D:10     | Reached skill level 5 in Dodging
  9153 | D:10     | Reached XP level 12. HP: 99/99 MP: 12/12
  9190 | D:10     | Identified the ring "Emohenunn" {Fly MP+9 Int+6}
  9194 | D:10     | Identified the staff of fire "Naixayfa" {rF+ rN+}
  9553 | Lair:1   | Entered Level 1 of the Lair of Beasts
  9983 | Lair:1   | Reached skill level 1 in Shields
 10015 | Lair:1   | Reached skill level 11 in Fighting
 10850 | D:4      | Bought the ring "Meidghusch" {*Slow rPois rC+++ Str-5
                  | Slay+6} for 995 gold pieces
 11023 | Lair:1   | Reached skill level 5 in Shields
 11373 | Lair:2   | Identified a scroll of acquirement
 11374 | Lair:2   | Acquired a +1 vampiric quick blade
 11411 | Lair:2   | Noticed a six-headed hydra
 11419 | Lair:2   | Killed a six-headed hydra
 11718 | Lair:2   | Noticed an eight-headed hydra
 11724 | Lair:2   | Killed an eight-headed hydra
 11725 | Lair:2   | Reached XP level 13. HP: 50/107 MP: 13/13
 12685 | Lair:3   | Reached skill level 12 in Fighting
 12748 | Lair:3   | Found a runed translucent gate.
 12748 | Lair:3   | Found a runed translucent gate.
 12748 | Lair:3   | Noticed Kubamp's ghost (journeyman DEAE)
 12751 | Lair:3   | Found a runed translucent gate.
 12766 | Lair:3   | Reached skill level 10 in Armour
 12949 | Lair:3   | Killed Kubamp's ghost
 13098 | Lair:3   | Found a staircase to the Snake Pit.
 13435 | Lair:3   | Found a staircase to the Swamp.
 13816 | Lair:4   | Noticed a four-headed hydra
 13917 | Lair:4   | Killed a four-headed hydra
 14075 | Lair:4   | Reached skill level 13 in Fighting
 14259 | Lair:4   | Reached skill level 1 in Throwing
 14886 | Lair:4   | Reached XP level 14. HP: 79/118 MP: 14/14
 15031 | Lair:5   | Entered Level 5 of the Lair of Beasts
 15138 | Lair:5   | Noticed babooboo's ghost (journeyman KoSu)
 15141 | Lair:5   | Found a runed translucent door.
 16788 | Lair:5   | Found a viscous altar of Jiyva.
 16788 | Lair:5   | Found a staircase to the Slime Pits.
 17342 | Lair:5   | Killed babooboo's ghost
 17689 | D:4      | Bought an amulet of regeneration for 420 gold pieces
 17885 | D:11     | Identified the ring of Yvod {rF+ rN+++ Str-3 Int+4}
 18078 | D:11     | Reached skill level 14 in Fighting
 18095 | D:11     | Reached skill level 10 in Shields
 18113 | D:11     | Reached XP level 15. HP: 126/126 MP: 15/15
 18124 | D:11     | Noticed Erica
 18146 | D:11     | Killed Erica
 18505 | D:11     | Found a staircase to the Orcish Mines.
 18840 | D:12     | Got the Catalogue of the Jinx
 19436 | Orc:1    | Entered Level 1 of the Orcish Mines
 19485 | Orc:1    | Noticed Anwafrug's ghost (journeyman MiBe)
 19495 | Orc:1    | Found a transporter.
 19563 | Orc:1    | Found Revven's Jewellery Emporium.
 19689 | Orc:1    | Found a transporter.
 19801 | Orc:2    | Entered Level 2 of the Orcish Mines
 20023 | Orc:2    | Found Nifol's Armour Shoppe.
 20074 | Orc:2    | Bought the +3 pair of gauntlets of War {Slay+5} for 760
                  | gold pieces
 20074 | Orc:2    | Found the +3 pair of gauntlets of War {Slay+5}
 20183 | Orc:2    | Found a staircase to the Elven Halls.
 20310 | Orc:2    | Found Mefoxzom's Distillery.
 20345 | Orc:2    | Bought a potion of berserk rage for 55 gold pieces
 20345 | Orc:2    | Bought a potion of invisibility for 88 gold pieces
 20345 | Orc:2    | Bought a potion of curing for 33 gold pieces
 20345 | Orc:2    | Bought a potion of heal wounds for 55 gold pieces
 20345 | Orc:2    | Bought a potion of curing for 33 gold pieces
 20647 | Orc:2    | Noticed Saint Roka
 20884 | Orc:2    | Reached skill level 5 in Throwing
 20910 | Orc:2    | Killed Saint Roka
 21081 | Orc:2    | Found Beurof's Antique Weapon Shop.
 21084 | Orc:2    | Found Sytayluw's Antique Armour Boutique.
 21091 | Orc:2    | Bought a shimmering war axe for 212 gold pieces
 21091 | Orc:2    | Identified the +9 war axe of Entrepreneurial Spirit {flame,
                  | Stlth+} (You bought it in a shop on level 2 of the Orcish
                  | Mines)
 21097 | Orc:2    | Bought a shiny helmet for 217 gold pieces
 21481 | Orc:1    | Reached skill level 1 in Axes
 21648 | D:13     | Identified the +0 ring mail of the Monkey {Int+4}
 22526 | D:14     | Found an ancient bone altar of Kikubaaqudgha.
 22751 | D:14     | Noticed Azrael
 22765 | D:14     | Killed Azrael
 23164 | D:14     | Reached XP level 16. HP: 112/134 MP: 16/16
 23198 | D:14     | Identified the +0 pair of boots of Ceniwk {Harm}
 23206 | D:14     | Found a gate to the Vaults.
 23305 | D:15     | Entered Level 15 of the Dungeon
 23358 | D:15     | Noticed Roxanne
 23453 | D:15     | Reached skill level 5 in Axes
 23765 | D:15     | Killed Roxanne
 24082 | D:15     | Found a staircase to the Depths.
 24134 | D:15     | Noticed riellis1's ghost (adept FoHu)
 24182 | D:15     | Found a transporter.
 24186 | D:15     | Found a transporter.
 24190 | D:15     | Noticed Jorgrun
 24216 | D:15     | Killed Jorgrun
 24356 | D:15     | Killed riellis1's ghost
 24796 | Swamp:1  | Entered Level 1 of the Swamp
 24803 | Swamp:1  | Reached skill level 15 in Fighting
 25461 | Swamp:1  | Found a runed translucent door.
 25461 | Swamp:1  | Found a shimmering altar of Xom.
 25461 | Swamp:1  | Noticed jsudlow's ghost (journeyman TrBe)
 25781 | Swamp:2  | Noticed a fenstrider witch
 25793 | Swamp:2  | Killed a fenstrider witch
 26417 | Swamp:3  | Reached XP level 17. HP: 115/142 MP: 17/17
 26525 | Swamp:3  | Reached skill level 10 in Axes
 26836 | D:4      | Bought a potion of curing for 30 gold pieces
 26836 | D:4      | Bought a potion of haste for 100 gold pieces
 27132 | Swamp:3  | Identified the +1 long sword of the Grave {venom, *Slow rF+
                  | rN+ Will+}
 27303 | Swamp:4  | Entered Level 4 of the Swamp
 27508 | Swamp:4  | Noticed the 27-headed Lernaean hydra
 27630 | Swamp:4  | Noticed a tentacled monstrosity
 27646 | Swamp:4  | Killed a tentacled monstrosity
 28200 | Swamp:4  | Reached skill level 10 in Evocations
 28222 | Swamp:4  | Killed the 27-headed Lernaean hydra
 28566 | Swamp:4  | Got a decaying rune of Zot
 28911 | Snake:1  | Entered Level 1 of the Snake Pit
 28911 | Snake:1  | Found a transporter.
 29004 | Snake:1  | Noticed Kicir's ghost (adept GnFi)
 29006 | Snake:1  | Found a transporter.
 29074 | Snake:1  | Noticed Donald
 29091 | Snake:1  | Killed Donald
 29177 | Snake:1  | Reached XP level 18. HP: 121/151 MP: 18/18
 29606 | Snake:1  | Noticed Asterion
 29619 | Snake:1  | Killed Asterion
 29764 | Snake:1  | Reached skill level 16 in Fighting
 30957 | Snake:2  | Found a transporter.
 30968 | Snake:2  | Found a transporter.
 31055 | Snake:2  | Identified the +5 ring mail of Pessimism {rElec rF++ rC-
                  | Slay+2}
 31751 | Snake:2  | Noticed Kirke
 31761 | Snake:2  | Killed Kirke
 31890 | Snake:2  | Found Etsoisif's Assorted Antiques.
 31893 | Snake:2  | Bought a scroll of blinking for 195 gold pieces
 31893 | Snake:2  | Bought 2 potions of might for 208 gold pieces
 32155 | Snake:2  | Noticed Vashnia
 32165 | Snake:2  | Killed Vashnia
 32550 | Snake:3  | Reached XP level 19. HP: 129/159 MP: 19/19
 32795 | Snake:3  | Identified the ring "Satociqu" {rF- Will+ Str+3 Slay+6
                  | SInv}
 32911 | Snake:3  | Reached skill level 1 in Transmutations
 33196 | Snake:3  | Found a runed translucent gate.
 33196 | Snake:3  | Found a runed translucent gate.
 33197 | Snake:3  | Found a runed translucent gate.
 33201 | Snake:3  | Noticed Dittersdorf's ghost (adept MiBe)
 33696 | Snake:3  | Killed Dittersdorf's ghost
 33779 | Snake:4  | Entered Level 4 of the Snake Pit
 33958 | Snake:4  | Found a burning altar of Makhleb.
 34069 | Snake:4  | Found Zobruocw's General Store.
 34075 | Snake:4  | Bought a scroll of fear for 56 gold pieces
 34075 | Snake:4  | Bought a scroll of identify for 28 gold pieces
 34733 | Snake:4  | Reached skill level 15 in Axes
 35355 | Snake:4  | Reached skill level 10 in Dodging
 35811 | Snake:4  | Got a serpentine rune of Zot
 35952 | Snake:4  | Bought a runed helmet for 187 gold pieces
 36403 | Elf:1    | Entered Level 1 of the Elven Halls
 36415 | Elf:1    | Reached XP level 20. HP: 118/162 MP: 20/20
 36421 | Elf:1    | Reached skill level 15 in Armour
 36791 | Elf:1    | Learned a level 2 spell: Wereblood
 37210 | Elf:1    | Found a runed translucent gate.
 37210 | Elf:1    | Found a runed translucent gate.
 37210 | Elf:1    | Found a runed translucent gate.
 37213 | Elf:1    | Noticed Perinia's ghost (journeyman DrBe)
 37406 | Elf:1    | Found a portal to a secret trove of treasure.
 37445 | Elf:1    | Found Oroy's Magic Scroll Emporium.
 37448 | Elf:1    | Bought a scroll of blinking for 127 gold pieces
 37448 | Elf:1    | Bought a scroll of magic mapping for 127 gold pieces
 37448 | Elf:1    | Bought a scroll of identify for 34 gold pieces
 37448 | Elf:1    | Bought a scroll of identify for 34 gold pieces
 37810 | Elf:1    | Reached skill level 17 in Fighting
 37810 | Elf:1    | Reached skill level 5 in Transmutations
 38056 | Elf:2    | Found a radiant altar of Vehumet.
 38470 | Elf:2    | Found a runed translucent gate.
 38470 | Elf:2    | Found a runed translucent gate.
 38474 | Elf:2    | Found a runed translucent gate.
 39178 | Elf:3    | Entered Level 3 of the Elven Halls
 39243 | Elf:3    | Found Goavut's Antique Weapon Shoppe.
 39599 | Elf:1    | You paid a toll of 4 scrolls of fear to enter a treasure
                  | trove
 39600 | Trove    | Entered a treasure trove
 39617 | Trove    | Got Itruanus's Precepts of Flashy Nonlocality
 39632 | Trove    | Reached XP level 21. HP: 174/174 MP: 21/21
 39640 | Trove    | Identified the ring "Mothat" {Str+2 Int+6 SInv}
 39740 | Elf:1    | Killed Perinia's ghost
 39869 | Elf:1    | Identified the +2 hat of the Black Skies {+Blink}
 40027 | Elf:3    | Noticed a Tzitzimitl
 40123 | Elf:3    | Reached XP level 22. HP: 62/182 MP: 20/22
 40682 | Abyss:2  | Cast into level 2 of the Abyss (a deep elf demonologist)
 40933 | Elf:3    | Escaped the Abyss
 41212 | Elf:3    | Identified the +4 glaive "Ethrigra" {flame, rF+}
 41212 | Elf:3    | Identified the ring "Sufamiemn" {Ice MP+9 Int+3}
 41559 | Elf:3    | Got the Quarto of the Jinx and Damage
 41562 | Elf:3    | Got the Catalogue of Hexing and Despicable Rites
 41568 | Elf:3    | Identified the staff of air "Futisen" {rElec rC++ rN+ Int+3
                  | Dex-4}
 41592 | Elf:3    | Identified the staff of cold "Dijuec" {rElec rPois rC+
                  | Str-2 Dex+4}
 41883 | Vaults:1 | Entered Level 1 of the Vaults
 42093 | Vaults:1 | Noticed Aizul
 42111 | Vaults:1 | Killed Aizul
 42812 | Vaults:1 | Identified the +10 long sword "Xomic" {heavy, +Blink rF+
                  | Dex+2}
 42932 | Vaults:1 | Found a runed translucent gate.
 42933 | Vaults:1 | Found a runed translucent gate.
 42934 | Vaults:1 | Found a runed translucent gate.
 42937 | Vaults:1 | Noticed Adoajy's ghost (adept DsWr)
 42937 | Vaults:1 | Found the +8 orange crystal plate armour {Archmagi, Int+3
                  | Clar}
 42963 | Vaults:1 | Killed Adoajy's ghost
 42965 | Vaults:1 | Found an iron altar of Okawaru.
 43493 | Vaults:2 | Identified the +5 chain mail of Uga Zira {*Slow rPois
                  | Str+4}
 43748 | Vaults:2 | Reached XP level 23. HP: 148/185 MP: 23/23
 43750 | Vaults:2 | Reached skill level 18 in Fighting
 44716 | Vaults:2 | Found a staircase to the Crypt.
 45061 | Vaults:2 | Noticed Jory
 45070 | Vaults:2 | Killed Jory
 45376 | Vaults:3 | Found Iliprit's Jewellery Shop.
 46411 | Vaults:3 | Reached skill level 19 in Fighting
 46615 | Vaults:4 | Reached XP level 24. HP: 196/201 MP: 23/23
 46751 | Vaults:4 | Found Omezef's Weapon Boutique.
 47438 | Vaults:4 | Identified the +1 ring mail of Light {Str+3 Dex+5}
 47617 | Vaults:5 | Entered Level 5 of the Vaults
 47634 | Vaults:5 | Noticed Sojobo
 47638 | Vaults:5 | Paralysed by an air elemental for 1 turns
 47736 | Vaults:5 | Reached skill level 20 in Fighting
 48101 | Vaults:5 | Noticed an ancient lich
 48110 | Vaults:5 | Killed an ancient lich
 48127 | Vaults:5 | Found the brooch of Shielding {Spirit SH+8}
 48127 | Vaults:5 | Noticed Bai Suzhen
 48135 | Vaults:5 | Killed Bai Suzhen
 48136 | Vaults:5 | Reached XP level 25. HP: 184/211 MP: 23/23
 48278 | Vaults:5 | Reached skill level 1 in Spellcasting
 48412 | Vaults:5 | Paralysed by an air elemental for 1 turns
 48438 | Vaults:5 | HP: 8/211 [tengu reaver/bolt of cold (39)]
 48903 | Vaults:5 | Killed Sojobo
 49165 | Vaults:5 | Got Asmodeus's Encyclopedia of Accomplices
 49426 | Vaults:5 | Reached skill level 15 in Shields
 49519 | Vaults:5 | Reached skill level 15 in Evocations
 49528 | Vaults:5 | Got a silver rune of Zot
 49757 | Vaults:5 | Identified the ring of Loerph Wamuz {Ice rPois rN+ Stlth+}
 49764 | Vaults:5 | Identified the ring "Lemydut" {rElec Str+6 Slay+2 Stlth+}
 49783 | Vaults:5 | Identified the +12 flail "Woeptim" {pain, rF+ Int+3}
 50294 | D:15     | Bought a twisted ring mail for 369 gold pieces
 50294 | D:15     | Identified the +2 ring mail of Qimuifik {Fly} (You bought
                  | it in a shop on level 15 of the Dungeon)
 50301 | Depths:1 | Entered Level 1 of the Depths
 50301 | Depths:1 | Found a gateway to Hell.
 50367 | Depths:1 | Identified the +6 bardiche "Daot" {freeze, Will+ Str+3}
 50383 | Depths:1 | Found Taxt's Jewellery Shop.
 50383 | Depths:1 | Found Irun's Book Shoppe.
 50383 | Depths:1 | Found Diyng's Book Shoppe.
 50393 | Depths:1 | Bought the ring "Upryexewk" {Fly rElec rCorr Str+4 Int+3}
                  | for 1066 gold pieces
 50407 | Depths:1 | Found a runed translucent gate.
 50408 | Depths:1 | Found a runed translucent gate.
 50409 | Depths:1 | Found a runed translucent gate.
 50629 | Depths:1 | Found Yttidgh's Armour Shoppe.
 50642 | Depths:1 | Acquired the +0 cloak "Teweul" {rPois rN+ Will++ Int-5}
 50703 | Depths:1 | Noticed Nikola
 50714 | Depths:1 | Killed Nikola
 50788 | Depths:1 | Found a one-way gateway to a ziggurat.
 51173 | Depths:1 | Identified the +8 chain mail of Miracles {rPois Int-3
                  | Dex+3}
 51324 | Orc:1    | Killed Anwafrug's ghost
 51375 | Orc:1    | Identified the ring "Woid" {rElec rF+ Str-2 Int+6 Dex+5}
 51603 | Swamp:1  | Killed jsudlow's ghost
 51612 | Swamp:1  | Identified the +1 scimitar of Joyful Slaughter {flame,
                  | rF++}
 51708 | Snake:1  | Killed Kicir's ghost
 51985 | Depths:2 | Reached skill level 21 in Fighting
 51991 | Depths:2 | Reached XP level 26. HP: 222/222 MP: 28/28
 52155 | Depths:2 | Found a one-way gate leading to the halls of Pandemonium.
 52264 | Depths:2 | Found a broken altar of Ashenzari.
 53127 | Depths:3 | Noticed Frederick
 53137 | Depths:3 | Killed Frederick
 53434 | Depths:3 | Noticed Vv
 53444 | Depths:3 | Killed Vv
 53738 | Depths:3 | Reached skill level 5 in Spellcasting
 53753 | Depths:3 | Identified the ring of Feos {Ice +Blink rN+}
 53753 | Depths:3 | Noticed Josephina
 53778 | Depths:3 | Killed Josephina
 53916 | Depths:3 | Found the +10 dark maul {heavy}
 53916 | Depths:3 | Noticed a juggernaut
 53930 | Depths:3 | Killed a juggernaut
 54115 | Depths:3 | Found a one-way gate to the infinite horrors of the Abyss.
 54241 | Depths:4 | Entered Level 4 of the Depths
 54405 | Depths:4 | Reached skill level 10 in Transmutations
 54419 | Depths:4 | Paralysed by a floating eye for 4 turns
 54681 | Depths:4 | Reached XP level 27. HP: 229/229 MP: 31/31
 54844 | Depths:4 | Found a corrupted altar of Lugonu.
 54927 | Depths:4 | Noticed Grunn
 54955 | Depths:4 | Killed Grunn
 55094 | Depths:4 | Paralysed by a floating eye for 2 turns
 55389 | Depths:4 | Found a gate to the Realm of Zot.
 55442 | Zot:1    | Entered Level 1 of the Realm of Zot
 56293 | Zot:5    | Entered Level 5 of the Realm of Zot
 56313 | Zot:5    | Reached skill level 22 in Fighting
 56352 | Zot:5    | Noticed an orb of fire
 56506 | Zot:5    | Killed an orb of fire
 56812 | Zot:5    | Noticed a Killer Klown
 56812 | Zot:5    | Noticed an orb of fire
 56815 | Zot:5    | Noticed a Killer Klown
 56819 | Zot:5    | Noticed an orb of fire
 56820 | Zot:5    | Killed an orb of fire
 56823 | Zot:5    | Noticed an orb of fire
 56827 | Zot:5    | Killed a Killer Klown
 56828 | Zot:5    | Reached skill level 15 in Dodging
 57013 | Zot:5    | Killed an orb of fire
 57016 | Zot:5    | Gained mutation: You are clumsy. (Dex -2) [an orb of fire]
 57017 | Zot:5    | Gained mutation: You occasionally lose the ability to drink
                  | potions when taking damage. [an orb of fire]
 57022 | Zot:5    | Gained mutation: You sometimes lose the ability to drink
                  | potions when taking damage. [an orb of fire]
 57027 | Zot:5    | Killed an orb of fire
 57173 | Zot:5    | Noticed a dread lich
 57184 | Zot:5    | Killed a dread lich
 57251 | Zot:5    | Killed a Killer Klown
 57475 | Zot:5    | Noticed a Killer Klown
 57485 | Zot:5    | Noticed an orb of fire
 57487 | Zot:5    | Killed a Killer Klown
 57489 | Zot:5    | Gained mutation: You sometimes lose your temper in combat.
                  | [an orb of fire]
 57495 | Zot:5    | Killed an orb of fire
 57501 | Zot:5    | Lost mutation: You are clumsy. (Dex -2) [potion of
                  | mutation]
 57501 | Zot:5    | Lost mutation: You sometimes lose the ability to drink
                  | potions when taking damage. [potion of mutation]
 57501 | Zot:5    | Gained mutation: Your spells are a little easier to cast,
                  | but a little less powerful. [potion of mutation]
 57501 | Zot:5    | Gained mutation: Your spells are easier to cast, but less
                  | powerful. [potion of mutation]
 57501 | Zot:5    | Gained mutation: You passively map a small area around you.
                  | [potion of mutation]
 57502 | Zot:5    | Lost mutation: You passively map a small area around you.
                  | [potion of mutation]
 57502 | Zot:5    | Lost mutation: You sometimes lose your temper in combat.
                  | [potion of mutation]
 57502 | Zot:5    | Lost mutation: You occasionally lose the ability to drink
                  | potions when taking damage. [potion of mutation]
 57502 | Zot:5    | Gained mutation: You occasionally lose the ability to read
                  | scrolls when taking damage. [potion of mutation]
 57502 | Zot:5    | Gained mutation: Your mind is acute. (Int +4, Str/Dex -1)
                  | [potion of mutation]
 57502 | Zot:5    | Gained mutation: You have supernaturally acute eyesight.
                  | (SInv) [potion of mutation]
 57503 | Zot:5    | Lost mutation: Your spells are easier to cast, but less
                  | powerful. [potion of mutation]
 57503 | Zot:5    | Lost mutation: You occasionally lose the ability to read
                  | scrolls when taking damage. [potion of mutation]
 57503 | Zot:5    | Lost mutation: Your spells are a little easier to cast, but
                  | a little less powerful. [potion of mutation]
 57503 | Zot:5    | Gained mutation: Your body sometimes deteriorates upon
                  | taking damage. [potion of mutation]
 57503 | Zot:5    | Gained mutation: Your system is resistant to poisons.
                  | (rPois) [potion of mutation]
 57503 | Zot:5    | Gained mutation: You occasionally shout uncontrollably at
                  | your foes. [potion of mutation]
 57503 | Zot:5    | Gained mutation: You expend magic power (3 MP) to
                  | strengthen your wands. [potion of mutation]
 57504 | Zot:5    | Lost mutation: You have supernaturally acute eyesight.
                  | (SInv) [potion of mutation]
 57504 | Zot:5    | Lost mutation: Your mind is acute. (Int +4, Str/Dex -1)
                  | [potion of mutation]
 57504 | Zot:5    | Lost mutation: You occasionally shout uncontrollably at
                  | your foes. [potion of mutation]
 57504 | Zot:5    | Gained mutation: Your flesh is heat resistant. (rF+)
                  | [potion of mutation]
 57504 | Zot:5    | Gained mutation: You are weak. (Str -2) [potion of
                  | mutation]
 57513 | Zot:5    | Got the Orb of Zot
 57519 | Zot:5    | Noticed Budieh the pandemonium lord
 57535 | Zot:5    | Noticed Wokieqat the pandemonium lord
 57549 | Zot:5    | Killed Budieh the pandemonium lord
 57585 | Zot:5    | Noticed an orb of fire
 57585 | Zot:5    | Noticed an orb of fire
 57600 | Zot:5    | Noticed an orb of fire
 57603 | Zot:5    | Noticed a dread lich
 57603 | Zot:5    | Noticed a Killer Klown
 57803 | Zot:3    | Reached skill level 23 in Fighting
 57914 | Depths:4 | Noticed Esaschiw the pandemonium lord
 57928 | Depths:4 | Killed Esaschiw the pandemonium lord
 58193 | D:8      | Noticed Duogatri the pandemonium lord
 58236 | D:8      | Killed Duogatri the pandemonium lord
 58440 | D:$      | Escaped with the Orb!

Illustrated notes

Levels and vault maps discovered:
D:1:      ncdulo_halloftheorcs, layout_basic,
          shapermc_ecumenical_altar_mp_ritualfount,
          hangedman_abyss_or_decor_lesser_grid, minmay_box_of_dots
D:2:      layout_loops_corners, serial_glass, glass_columns_b, glass_columns_b,
          fountainhead
D:3:      layout_rooms
D:4:      layout_basic, mainiacjoe_overflow_small_starburst,
          dk_yredelemnul_ordeal, serial_shops, shop,
          nicolae_shop_tiny_waterfront, kennysheep_orc_chapel
D:5:      layout_gridville, marbit_many_paths, enter_ossuary_1,
          lightli_corner_chamber
D:6:      layout_basic, serial_shops, shop, uniq_pikel
D:7:      layout_gridville, riverfiend_overflow_shadow_ancestor,
          minmay_temple_entry_statues, serial_shops, nicolae_take_the_stairs,
          minmay_misc_feat_pillars, uniq_maggie
D:8:      layout_loops_ring, kennysheep_little_box, corexii_checkpoint_b,
          grunt_ministairs_3, uniq_joseph
D:9:      layout_basic, kennysheep_mini, due_lair_maze_entry_diamond
D:10:     layout_small_grid, minmay_lindwurm_lava
D:11:     layout_rooms, hiddenorc2_lemuel, minmay_misc_feat_chi,
          lightli_minifort, uniq_erica
D:12:     layout_basic, serial_glass, glass_columns_a, glass_columns_a
D:13:     layout_loops_cross
D:14:     layout_irregular_city, erik_vaults_1, kiku_gazebo_garden_becter,
          uniq_azrael
D:15:     hangedman_depths_entry_civil_slaughter, layout_rooms,
          gammafunk_ghost_hive, uniq_jorgrun, uniq_roxanne
Temple:   hellmonk_temple_divided_pantheon
Lair:1:   layout_regular_city, minivault_23
Lair:2:   layout_long_grid
Lair:3:   layout_cave_shapes, swamp_mist, nicolae_snake_entry_squirm,
          ebering_ghost_rock_garden, lemuel_fruit_tree
Lair:4:   layout_gridlike, grunt_megastairs_5
Lair:5:   gammafunk_lair_ancient_temple, layout_regular_city,
          dpeg_slime_entry_enclosed, hellmonk_ghost_happy_afterlife
Swamp:1:  layout_basic_swamp, ebering_ghost_xom, hangedman_swamp_ruin_wall,
          swamp_pool5
Swamp:2:  layout_basic_swamp, nicolae_swamp_tree_designs
Swamp:3:  layout_falls_marsh, evilmike_swamp_ruin_house_6
Swamp:4:  swamp_old_school, layout_basic_swamp, swamp_pool2,
          nicolae_swamp_catching_bugs, infiniplex_staircase_pool_2
Snake:1:  layout_onion_interference, gammafunk_ghost_arena, uniq_asterion,
          uniq_donald
Snake:2:  gammafunk_sealed_arena, layout_basic, serial_shops, shop,
          grunt_megastairs_1, uniq_kirke, uniq_vashnia
Snake:3:  layout_rooms, gammafunk_ghost_necromancy, st_stairs_2,
          grunt_ministairs_7, nicolae_snake_salamander_fort, uniq_saint_roka
Snake:4:  snake_pit, layout_chambers, serial_shops, shop, basic_altar,
          grunt_megastairs_2
Orc:1:    layout_caves, gammafunk_ghost_smash, serial_shops, shop
Orc:2:    grunt_orc_community_town_hall, layout_caves,
          grunt_orc_community_big_house_1, grunt_orc_community_big_house_1,
          grunt_orc_community_house_3, grunt_orc_community_house_2,
          grunt_orc_community_house_1, grunt_orc_community_house_1,
          grunt_orc_community_house_3, grunt_orc_community_house_2
Elf:1:    minmay_elf_arrival_plus, layout_loops_corners, serial_shops,
          nicolae_shop_tiny_real_fake_doors, nicolae_trove_entry_crossroad,
          gammafunk_ghost_tricky_traps, hangedman_elf_disciples
Elf:2:    elven_hall_of_blades_hangedman_original
          [nicolae_vaults_blade_armed_guards], layout_loops_cross, basic_altar
Elf:3:    elf_hall, layout_geoelf_diagonals, serial_shops, shop
Vaults:1: gammafunk_ghost_fury_of_okawaru, nicolae_vaults_sesquioval_fish,
          v_misc_2, nicolae_vaults_closet_pinwheel_4, vaults_room_hallway,
          nicolae_vaults_alarming, nicolae_vaults_shipping_containers_1,
          v_alt_pattern_1, layout_vaults_omnicross, uniq_aizul
Vaults:2: nicolae_vaults_closet_pinwheel_3, ontoclasm_vaults_chip,
          minmay_crypt_entry_skeletal_spiral, nicolae_vaults_little_squares_4,
          nicolae_vaults_three_branches, hangedman_vaults_trim,
          nicolae_vaults_library_corner, ontoclasm_vaults_ring_square,
          v_misc_11, hangedman_vaults_capsules, ontoclasm_vaults_claustrophobia,
          layout_vaults_quadrants, uniq_jory
Vaults:3: nicolae_vaults_diamond_2, hangedman_vaults_locks,
          vaults_room_door_ring, st_octagons_2, grunt_vaults_hallway_short,
          grunt_vaults_trifunnel, nicolae_vaults_network_periphery,
          ontoclasm_vaults_fault, v_rooms_3, nicolae_vaults_shrinking_rooms_2,
          nicolae_vaults_apartment_2, layout_vaults_omnibox, serial_shops, shop
Vaults:4: v_misc_30, v_misc_5, nicolae_vaults_stairing_the_circle, st_cross,
          v_misc_12, nicolae_vaults_taking_the_gang_shopping,
          nicolae_vaults_turnstiles, nicolae_vaults_hexular_roomagon,
          nicolae_vaults_little_squares_4, layout_vaults_maze_bifur
Vaults:5: uniq_sojobo, uniq_bai_suzhen
Depths:1: layout_basic, enter_ziggurat_d, kennysheep_pointless_box,
          serial_shops, nicolae_shop_tiny_real_fake_doors, hell_entry,
          statue_in_the_mist_lemuel, small_chamber_with_monster,
          reono_crystal_passage, abandoned_shop, pandoras_box_mu,
          minmay_shop_grove, uniq_nikola
Depths:2: dreamdust_experimentation, layout_long_grid, evilmike_ruin_ashenzari,
          hell_entry, grunt_pan_entry_zigzag, chequers_serial_rivers_micro_b,
          minmay_staircase_windowed_small, serial_bayou_shore_b
Depths:3: thingy_vault, layout_cave_pools, hellmouth_1, abyss_entry,
          uniq_frederick, uniq_josephina, uniq_vv
Depths:4: grunt_zot_entry_gee_three, layout_twisted_cross,
          abyss_entry_flame_altar, hell_entry, nicolae_kite_square_tiling_tiny,
          pan_entry, minivault_11, uniq_grunn
Zot:1:    layout_gridlike, grunt_megastairs_3
Zot:2:    layout_misc_corridors, st_small_dragon_hoard_5, grunt_ministairs_10
Zot:3:    layout_misc_corridors
Zot:4:    layout_basic
Zot:5:    layout_basic, st_stairs_8, lemuel_flame_loot_1

Skill      XL: |  1  2  3  4  5  6  7  8  9 10 11 12 13 14 15 16 17 18 19 20 21 22 23 24 25 26 27 |
---------------+----------------------------------------------------------------------------------+-----
Ranged Weapons | 5 6 |  6.4
Short Blades   | 1 2 3 6 8 10 | 10.0
Fighting       | 3 4 5 7 10 11 13 14 15 16 17 19 20 21 23 | 23.5
Armour         | 2 3 4 5 7 9 10 11 12 13 14 15 16 17 18 19 20 21 | 21.0
Dodging        | 3 4 5 7 8 10 11 12 13 16 | 16.0
Evocations     | 3 5 6 8 9 10 11 12 13 14 15 16 | 16.0
Shields        | 5 8 10 11 12 13 14 15 16 18 | 18.0
Throwing       | 2 3 5 |  5.0
Axes           | 3 9 13 14 15 16 17 18 | 18.0
Transmutations | 3 7 9 10 11 | 11.0
Spellcasting   | 3 5 6 |  6.0
Stealth        | |  1.0

Action                     |  1- 3 |  4- 6 |  7- 9 | 10-12 | 13-15 | 16-18 | 19-21 | 22-24 | 25-27 || total
---------------------------+-------+-------+-------+-------+-------+-------+-------+-------+-------++-------
  Melee: Short sword       |       |    66 |   169 |   449 |  1157 |   503 |       |       |       ||  2344
         Punch             |       |     2 |     1 |     7 |       |       |       |       |       ||    10
         Quick blade       |       |       |       |     5 |   182 |       |       |       |       ||   187
         War axe           |       |       |       |       |    29 |   462 |   599 |   629 |       ||  1719
         Broad axe         |       |       |       |       |       |       |       |   344 |  1267 ||  1611
   Fire: Shortbow          |    60 |    40 |    31 |    30 |       |       |       |       |       ||   161
         Arbalest          |       |       |       |    48 |       |       |       |       |       ||    48
   Cast: Wereblood         |       |       |       |       |       |       |     2 |     1 |    11 ||    14
 Invoke: Potion Petition   |       |       |       |       |     5 |     8 |     1 |     1 |    19 ||    34
         Call Merchant     |       |       |       |       |       |       |     2 |       |     2 ||     4
         Bribe Branch      |       |       |       |       |       |       |       |       |     1 ||     1
  Evoke: Wand              |       |       |    15 |     6 |    22 |     6 |       |       |     5 ||    54
         Condenser vane    |       |       |       |       |     1 |     1 |       |     3 |     3 ||     8
         Phantom mirror    |       |       |       |       |       |     4 |       |     1 |     3 ||     8
         Box of beasts     |       |       |       |       |       |     2 |     1 |       |     3 ||     6
         Lightning rod     |       |       |       |       |       |     7 |       |     3 |       ||    10
    Use: Potion            |       |       |     2 |       |     7 |    16 |     8 |     8 |    42 ||    83
         Scroll            |       |       |     2 |     4 |    12 |     9 |    11 |    12 |    34 ||    84
   Stab: Distracted        |       |       |       |     3 |     5 |    11 |     3 |     5 |    25 ||    52
         Sleeping          |       |       |       |       |     1 |     2 |     4 |     2 |       ||     9
         Invisible         |       |       |       |       |       |    13 |    10 |     4 |    12 ||    39
         Confused          |       |       |       |       |       |     3 |       |       |       ||     3
 Armour: Ring mail         |    13 |     8 |       |       |    78 |    41 |   126 |    47 |       ||   313
         Chain mail        |       |    43 |   155 |   184 |   383 |    92 |       |       |       ||   857
         Plate armour      |       |       |       |       |   163 |   663 |       |       |       ||   826
         Crystal plate arm |       |       |       |       |       |       |       |   387 |   822 ||  1209
  Dodge: Dodged            |    10 |    49 |    95 |   118 |   307 |   197 |   186 |   183 |   501 ||  1646
  Block: Kite shield       |       |       |       |   120 |  1044 |   794 |   551 |   723 |  1283 ||  4515
         Reflection        |       |       |       |       |     1 |    35 |    99 |     3 |       ||   138
